 Dungeon Crawl Stone Soup version 0.31.0-11-ge490571c62 (webtiles) character file.

Game seed: 6669159854403343267

183 qw the Skirmisher (level 5, 0/29 HPs)
             Began as a Deep Elf Hunter on Feb 3, 2024.
             Incinerated by a bombardier beetle (5 damage)
             ... with a burning spray
             ... on level 3 of the Dungeon.
             The game lasted 00:00:29 (2119 turns).

qw the Skirmisher (Deep Elf Hunter)                 Turns: 2119, Time: 00:00:30

Health: 0/29       AC:  5    Str: 10    XL:     5   Next: 35%
Magic:  7/7        EV: 11    Int: 14    God:
Gold:   107        SH:  0    Dex: 18    Spells: 4/4 levels left

rFire   . . .        a - +0 shortbow
rCold   . . .        (shield currently unavailable)
rNeg    . . .        j - +0 ring mail
rPois   .            (no helmet)
rElec   .            (no cloak)
rCorr   .            (no gloves)
SInv    .            (no boots)
Will    .....        (no amulet)
Stlth   +            (no ring)
HPRegen 0.24/turn    (no ring)
MPRegen 0.10/turn

%: no passive effects
@: on fire, glowing
A: no striking features
a: no special abilities


You were on level 3 of the Dungeon.
You visited 1 branch of the dungeon, and saw 3 of its levels.

You collected 107 gold pieces.


   Skills:
 - Level 1.5 Fighting
 + Level 8.9 Ranged Weapons
 - Level 2.4 Dodging
 - Level 1.2 Stealth


You had 4 spell levels left.
You didn't know any spells.
Your spell library was empty.

Inventory:

Hand Weapons
 a - a +0 shortbow (weapon)
Armour
 j - a +0 ring mail (worn)
Scrolls
 c - a scroll of fear {unknown}
 e - a scroll of enchant weapon {unknown}
 i - 4 scrolls of teleportation
Potions
 b - a potion of curing
 d - a potion of resistance
 h - a potion of might

Dungeon Overview and Level Annotations

Branches:
Dungeon (3/15)

Altars:

Shops:
D:1 [


Message History

The arrow hits the adder!
You kill the adder!
You see here an adder corpse.
Found a stone staircase leading down.
You see here 5 stones.
There is a stone staircase leading down here.
You now have 107 gold pieces (gained 7).
Found a book of Touch.
Enter note:
Enter note: You see here a book of Touch.
A ball python comes into view.
Found 15 gold pieces.
You shoot an arrow. The arrow hits the ball python.
You kill the ball python!
A bombardier beetle comes into view.
You shoot an arrow. The arrow hits the bombardier beetle.
The bombardier beetle is heavily wounded.
You shoot an arrow. The arrow hits the bombardier beetle.
The bombardier beetle is severely wounded.
The bombardier beetle sprays incendiary fluid at you.
The burning spray hits you.
You are covered in liquid fire!
You shoot an arrow. The arrow hits the bombardier beetle.
The bombardier beetle is almost dead.
The liquid fire burns you!
You shoot an arrow. The arrow hits the bombardier beetle.
You kill the bombardier beetle!
The liquid fire burns you!
You are on fire!
The liquid fire burns you!
You are on fire!
The liquid fire burns you!
You are on fire!
The liquid fire burns you!
You are on fire!
The liquid fire burns you!
You are on fire!
The liquid fire burns you!
You die...

##.##..####.###..######..##.####
##.###..# #.# #..# #..#.## #.##
#..# #.###..# #.#.## .## #..#
#......# #.#.# ## #..# #####.##
#.#.# # #... #.# #.#.# # ##.####
#.# #.#.# # .....##.# #.#.. #
.......@# #.#.# #
##.#..............# #
#.##.####### # ... ... # #.. ..#
# #.. #..# . #.. ...# . .#.$.


There were no monsters in sight!

Vanquished Creatures
  A bombardier beetle (D:3)
  Natasha (thrice) (D:3)
  4 adders
  5 endoplasms
  A giant cockroach (D:1)
  4 goblins (D:1)
  6 hobgoblins
  A quokka (D:3)
  7 ball pythons
  7 bats
  A frilled lizard (D:1)
  7 kobolds
  2 rats
49 creatures vanquished.

Notes
Turn   | Place    | Note
-------+----------+-------------------------------------------
     0 | D:1      | qw the Deep Elf Hunter began the quest for the Orb.
     0 | D:1      | Reached XP level 1. HP: 12/12 MP: 3/3
     0 | D:1      | 0 ||| qw: Version: 0.3-a-155-g5e7d8dd
     0 | D:1      | 0 ||| qw: Game counter: 3445
     0 | D:1      | 0 ||| qw: Melee chars always use a shield: true
     0 | D:1      | 0 ||| qw: God list: Okawaru
     0 | D:1      | 0 ||| qw: Allow faded altars: false
     0 | D:1      | 0 ||| qw: Do Orc after clearing Dungeon:15 true
     0 | D:1      | 0 ||| qw: Do second Lair branch before Depths: true
     0 | D:1      | 0 ||| qw: Lair rune preference: random
     0 | D:1      | 0 ||| qw: Goals: Normal
     0 | D:1      | 0 ||| PLANNING D:1-11
   343 | D:1      | Reached skill level 6 in Ranged Weapons
   343 | D:1      | Reached XP level 2. HP: 13/16 MP: 4/4
   499 | D:1      | Found Omeinn's Antique Armour Emporium.
   507 | D:1      | 507 ||| SHOPLISTING cloak (126 gold, have 0).
   507 | D:1      | 507 ||| SHOPLISTING glowing ring mail (196 gold, have 0).
   507 | D:1      | 507 ||| SHOPLISTING ring mail (112 gold, have 0).
   943 | D:1      | 943 ||| UPGRADING to +0 scale mail.
   953 | D:1      | 953 ||| DROPPING +0 leather armour.
   954 | D:1      | 954 ||| UPGRADING to +0 ring mail.
   964 | D:1      | 964 ||| DROPPING +0 scale mail.
   965 | D:1      | 965 ||| READING 2 scrolls labelled JOEVVI BUVUSE.
   966 | D:1      | 966 ||| READING 4 scrolls labelled ITIRAIQ ZUATS.
   966 | D:1      | 966 ||| IDENTIFYING grey potion
   967 | D:1      | 967 ||| READING 3 scrolls of identify.
   967 | D:1      | 967 ||| IDENTIFYING coppery potion
   968 | D:1      | 968 ||| READING 2 scrolls of identify.
   968 | D:1      | 968 ||| IDENTIFYING scroll labelled YTUTSE ULAERAJ
   969 | D:1      | 969 ||| DROPPING scroll of butterflies.
   970 | D:1      | 970 ||| DROPPING scroll of immolation.
  1033 | D:2      | Reached XP level 3. HP: 14/20 MP: 5/5
  1537 | D:2      | Identified the +5 war axe of Ixkoiqeo {freeze, rElec rF+
                  | Dex-2}
  1576 | D:2      | Reached skill level 7 in Ranged Weapons
  1789 | D:2      | 1789 ||| READING 2 scrolls of identify.
  1789 | D:2      | 1789 ||| IDENTIFYING purple potion
  1790 | D:2      | 1790 ||| READING scroll of identify.
  1790 | D:2      | 1790 ||| IDENTIFYING scroll labelled MAVOYSTATI
  1791 | D:2      | 1791 ||| READING scroll labelled EMEISMO GAEF.
  1792 | D:2      | 1792 ||| DROPPING scroll of amnesia.
  1893 | D:3      | Noticed Natasha
  1896 | D:3      | Killed Natasha
  1897 | D:3      | Reached XP level 4. HP: 25/25 MP: 6/6
  1916 | D:3      | Noticed Natasha
  1923 | D:3      | Killed Natasha
  1924 | D:3      | Reached skill level 8 in Ranged Weapons
  1955 | D:3      | Noticed Natasha
  1964 | D:3      | Killed Natasha
  1965 | D:3      | Reached XP level 5. HP: 25/29 MP: 7/7
  2118 | D:3      | HP: 4/29 [burnt (6)]
  2119 | D:3      | Incinerated by a bombardier beetle

Levels and vault maps discovered:
D:1:      dpeg_arrival_rhombi, layout_loops_corners, serial_shops, shop,
          minmay_3d_cube
D:2:      layout_loops_corners
D:3:      layout_loops_ring, serial_glass, glass_columns_c, glass_columns_a,
          uniq_natasha, uniq_crazy_yiuf_cottage, uniq_grinder

Skill      XL: |  1  2  3  4 |
---------------+-------------+-----
Ranged Weapons | 6 7 8 |  8.9
Fighting       | |  1.5
Dodging        | |  2.4
Stealth        | |  1.2

Action                     |  1- 3 |  4- 6 || total
---------------------------+-------+-------++-------
   Fire: Shortbow          |   101 |    23 ||   124
    Use: Scroll            |     7 |       ||     7
 Armour: Leather armour    |     8 |       ||     8
         Ring mail         |    13 |     6 ||    19
  Dodge: Dodged            |    21 |     5 ||    26

Table legend:
 A = Non-vault XP
 B = Vault XP
 C = Vault XP percentage of total XP
 D = Non-vault monster count
 E = Vault monster count
 F = Vault count percentage of total count
                 A         B        C        D         E       F
            +---------+---------+-------+---------+---------+-------
      Total |     222 |      40 |  15.3 |      46 |       3 |   6.1
            +---------+---------+-------+---------+---------+-------
        D:1 |      33 |       3 |   8.3 |      23 |       2 |   8.0
        D:2 |      28 |       0 |   0.0 |      10 |       0 |   0.0
        D:3 |     161 |      37 |  18.7 |      13 |       1 |   7.1
            +---------+---------+-------+---------+---------+-------
